 Dungeon Crawl Stone Soup version 0.31-a0-142-g31f6795574 (webtiles) character file.

Game seed: 16475457250891518258

8032 xian the Fighter (level 11, -6/104 HPs)
             Began as a Yellow Draconian Chaos Knight on June 3, 2023.
             Was a Plaything of Xom.
             Mangled by a freezing wraith (9 damage)
             ... on level 9 of the Dungeon.
             The game lasted 00:35:41 (9778 turns).

xian the Fighter (Yellow Draconian Chaos Knight)    Turns: 9778, Time: 00:35:42

Health: -6/104     AC: 14    Str: 20      XL:     11   Next: 4%
Magic:  11/11      EV: 16    Int: 12      God:    Xom [.....*]
Gold:   324        SH:  0    Dex: 15 (16) Spells: 10/10 levels left

rFire   . . .        t - +5 woodcutter's axe
rCold   . . .        (shield currently unavailable)
rNeg    . . .        (body armour unavailable)
rPois   .            (helmet restricted)
rElec   .            s - +2 cloak
rCorr   +            y - +0 pair of gloves
SInv    +            A - +2 pair of boots
Will    .....        (no amulet)
Stlth   +++          K - +6 ring of dexterity
HPRegen 0.37/turn    J - ring of see invisible
MPRegen 0.12/turn

%: no passive effects
@: slowed, unable to drink, very slow
A: spit acid, AC +7, unfitting armour, cold-blooded, acid resistance, hooves 1,
deterioration 1, inability to drink after injury 1
a: Breathe Acid, Renounce Religion


You were on level 9 of the Dungeon.
You worshipped Xom.
You were Xom's teddy bear.
You visited 2 branches of the dungeon, and saw 10 of its levels.

You collected 829 gold pieces.
You spent 505 gold pieces at shops.

Inventory:

Hand Weapons
 a - a +0 hand axe of chaos
 t - the +5 woodcutter's axe (weapon)
   (You found it on level 3 of the Dungeon)
Missiles
 C - 33 poisoned darts
 F - 3 datura-tipped darts
 G - 57 stones
Armour
 s - a +2 cloak (worn)
 x - a scarf of shadows
 y - a +0 pair of gloves (worn)
 A - a +2 pair of boots (worn)
 B - a +0 kite shield
Jewellery
 w - a ring of ice
 J - a ring of see invisible (right hand)
 K - a +6 ring of dexterity (left hand)
 M - an amulet of regeneration
Wands
 v - a wand of iceblast (6)
 z - a wand of digging (1)
 H - a wand of polymorph (4)
 O - a wand of flame (8)
Scrolls
 f - 5 scrolls of fog
 h - 3 scrolls of poison
 i - 5 scrolls of amnesia
 k - a scroll of teleportation
 n - a scroll of enchant armour
 o - 2 scrolls of immolation
 q - a scroll of magic mapping
 L - a scroll of fear {unknown}
 N - a scroll of acquirement {unknown}
Potions
 c - a potion of degeneration {unknown}
 d - 3 potions of heal wounds {unknown}
 e - 3 potions of magic {unknown}
 g - 3 potions of brilliance {unknown}
 j - 4 potions of lignification {unknown}
 l - a potion of enlightenment {unknown}
 m - a potion of cancellation {unknown}
 p - a potion of ambrosia {unknown}
 r - 2 potions of curing
 u - a potion of haste {unknown}
 D - a potion of might {unknown}
 I - 2 potions of mutation {unknown}
Miscellaneous
 b - a piece from Xom's chessboard (15/15)
 E - a lightning rod (4/4)


   Skills:
 + Level 11.7 Fighting
 + Level 9.9 Axes
 * Level 0.8 Throwing
 + Level 7.9 Dodging
 + Level 5.4 Stealth
 + Level 0.1 Evocations


You had 10 spell levels left.
You didn't know any spells.
Your spell library contained the following spells:

 Spells                   Type           Power      Damage    Failure   Level
 Freeze                   Ice            0%         1d3       32%         1
 Necrotise                Necr           0%         1d4       32%         1
 Sandblast                Erth           0%         2d4       32%         1
 Ensorcelled Hibernation  Hex/Ice        0%         N/A       45%         2
 Passwall                 Tmut/Erth      0%         N/A       45%         2
 Frozen Ramparts          Ice            0%         1d1       69%         3
 Hailstorm                Conj/Ice       0%         3d3       69%         3
 Spider Form              Tmut/Pois      0%         N/A       69%         3
 Stone Arrow              Conj/Erth      0%         3d7       69%         3
 Vampiric Draining        Necr           0%         2d6       69%         3
 Anguish                  Hex/Necr       0%         N/A       97%         4
 Agony                    Necr           0%         N/A       100%        5


Dungeon Overview and Level Annotations

Branches:
Dungeon (9/15)             Temple (1/1) D:5            Lair (0/5) D:9
    Orc: D:9-12

Altars:
Gozag
Okawaru
Qazlal
Sif Muna
Trog
Uskayaw
Vehumet
Wu Jian

Shops:
D:1 [(?   D:2 (!(??   D:4 **   D:5 (*:   D:7 **


Innate Abilities, Weirdness & Mutations

You can spit globs of acid.
Your golden yellow scales are hard. (AC +7)
You cannot fit into any form of body armour.
You are cold-blooded and may be slowed by cold attacks.
You are resistant to acid. (rCorr)
You have large cloven feet.
Your body sometimes deteriorates upon taking damage.
You occasionally lose the ability to drink potions when taking damage.


Message History

You feel as though you will be slow longer.
The freezing wraith hits you! The freezing wraith drains your vigour!
You feel as though you will be slow longer.
The white imp gestures at you. The puff of frost misses you.
You hit the freezing wraith but do no damage.
You slash the freezing wraith! The freezing wraith hits you.
The freezing wraith freezes you!!
You feel as though you will be slow longer.
You feel threatened and lose the ability to drink potions!
* * * LOW HITPOINT WARNING * * *
Your body deteriorates!
You feel clumsy. The freezing wraith hits you.
* * * LOW HITPOINT WARNING * * *
The freezing wraith drains your vigour!
You feel as though you will be slow longer.
The freezing wraith barely misses you. The freezing wraith hits you.
* * * LOW HITPOINT WARNING * * *
You cannot drink potions in your current state!
You cannot drink potions in your current state!
Unknown command.
The freezing wraith hits you but does no damage. x2
The freezing wraith misses you. The freezing wraith closely misses you.
The freezing wraith completely misses you.
The freezing wraith hits you but does no damage. x2
The freezing wraith hits you.
* * * LOW HITPOINT WARNING * * *
The freezing wraith drains your vigour!
You feel as though you will be slow longer.
The white imp barely misses you.
The freezing wraith attacks as you move away!
The freezing wraith misses you. The freezing wraith barely misses you.
The white imp attacks as you move away! The white imp barely misses you.
The freezing wraith attacks as you move away!
The freezing wraith hits you!
* * * LOW HITPOINT WARNING * * *
The freezing wraith freezes you!
You feel as though you will be slow longer.
You die...
Xom chuckles heartily!

##.>........# #.#
##.........## ## ##.#
...........# ~#~#~#.#
...##..[..## ...#.#.#
....#......#. ....#.#
.......##..#. ...#.##
...........#.. #..#..#
....#.....##..###..##.#
....###...#....W@...#.#
....####..#....5W...#.#
....#.#..##...#~~#|.#.#
.........#....)##~..'.#
.......#.#...#~ #~..'.#
.......#.#.. ~##~#..'.#
.......#.#. .~ #~...'.#
.........##..#~~#...###
..........#.........#


You could see 2 freezing wraiths and a white imp.

Vanquished Creatures
  A boulder beetle (D:9)
  A freezing wraith (D:9)
  An ice devil (D:9)
  A troll (D:9)
  5 yaks (D:8)
  A wyvern (D:9)
  2 steam dragons
  Menkaure (D:4)
  2 water moccasins
  A sky beast (D:6)
  An orc warrior (D:9)
  2 black bears
  3 ogres
  2 centaurs (D:9)
  4 phantoms
  2 gnoll sergeants
  2 kobold brigands (D:9)
  4 bullfrogs
  2 scorpions
  4 wights
  15 killer bees
  6 howler monkeys
  4 jellies
  5 hounds
  A gnoll bouda (D:7)
  6 orc priests
  Crazy Yiuf (D:2)
  2 sleepcaps
  Ijyb (D:5)
  5 iguanas
  7 orc wizards
  20 gnolls
  8 adders
  2 shadow imps
  7 white imps
  A dart slug (D:1)
  48 orcs
  9 endoplasms
  2 giant cockroaches (D:4)
  12 hobgoblins
  2 jackals (D:1)
  10 kobolds
  6 quokkas
  10 ball pythons
  4 frilled lizards
  9 goblins
  4 rats
249 creatures vanquished.

Vanquished Creatures (collateral kills)
  A two-headed ogre (D:9)
  2 black bears
  An ogre (D:4)
  A gnoll sergeant (D:4)
  A bullfrog (D:6)
  A jelly (D:4)
  A killer bee (D:9)
  A howler monkey (D:9)
  An orc priest (D:9)
  A gnoll (D:6)
  An adder (D:4)
  An orc (D:9)
  An endoplasm (D:4)
  A giant cockroach (D:4)
  A goblin (D:4)
  A hobgoblin (D:4)
  A quokka (D:4)
18 creatures vanquished.

Vanquished Creatures (others)
  A kobold (D:4)
1 creature vanquished.

Grand Total: 268 creatures vanquished

Notes
Turn   | Place    | Note
-------+----------+-------------------------------------------
     0 | D:1      | xian the Draconian Chaos Knight began the quest for the
                  | Orb.
     0 | D:1      | Reached XP level 1. HP: 19/19 MP: 1/1
   150 | D:1      | XOM: divination: detect creatures
   209 | D:1      | Reached XP level 2. HP: 24/26 MP: 2/2
   235 | D:1      | Found Xeboj's Weapon Shop.
   265 | D:1      | Found Ryonys's Antique Armour Shoppe.
   286 | D:1      | XOM: divination: detect creatures
   345 | D:1      | Found Lemex's Magic Scroll Shoppe.
   350 | D:1      | Bought a scroll of identify for 22 gold pieces
   550 | D:1      | XOM: divination: detect items
   613 | D:1      | XOM: silly message
   627 | D:1      | XOM: silly message
   669 | D:1      | XOM: divination: detect items
   721 | D:2      | XOM: stealth player
   784 | D:2      | Reached XP level 3. HP: 19/33 MP: 3/3
   894 | D:2      | XOM: cast spell 'Olgreb's Toxic Radiance'
   896 | D:2      | Reached skill level 4 in Fighting
  1121 | D:2      | Found Tulenwyh's Magic Scroll Boutique.
  1358 | D:2      | Found Mukunuyl's Magic Scroll Shop.
  1456 | D:2      | Found Giruh's Distillery.
  1464 | D:2      | Bought a potion of curing for 33 gold pieces
  1464 | D:2      | Bought a potion of berserk rage for 55 gold pieces
  1501 | D:2      | Found Maedeus's Antique Weapon Shop.
  1549 | D:2      | Found Moevoch's Antique Weapon Shoppe.
  1554 | D:2      | XOM: god gift: scroll labelled ELYWNA YTATU {god gift}
  1604 | D:2      | Found a runed translucent door.
  1605 | D:2      | Noticed Crazy Yiuf
  1664 | D:2      | Killed Crazy Yiuf
  1665 | D:2      | Reached XP level 4. HP: 30/40 MP: 0/4
  1898 | D:3      | Found the +5 woodcutter's axe
  2079 | D:3      | XOM: smoke on damage
  2084 | D:3      | Reached skill level 1 in Stealth
  2128 | D:3      | Found a bloodstained altar of Trog.
  2607 | D:4      | Noticed a phantom
  2608 | D:4      | XOM: divination: detect items
  2618 | D:4      | Killed a phantom
  2619 | D:4      | Reached XP level 5. HP: 47/47 MP: 5/5
  2644 | D:4      | Found Ubroto Vunt's Fire Supplies.
  3010 | D:4      | XOM: divination: detect creatures
  3192 | D:5      | Entered Level 5 of the Dungeon
  3204 | D:5      | Reached XP level 6. HP: 55/55 MP: 6/6
  3279 | D:4      | XOM: silly message
  3282 | D:4      | XOM: god gift: scroll of poison
  3295 | D:5      | XOM: smoke on damage
  3300 | D:5      | Reached skill level 5 in Fighting
  3300 | D:5      | Reached skill level 5 in Axes
  3313 | D:5      | XOM: cast spell 'Leda's Liquefaction'
  3316 | D:5      | Found Qenkude's Book Shop.
  3316 | D:5      | XOM: 4-stop teleportation journey
  3364 | D:5      | Noticed Ijyb
  3378 | D:5      | Killed Ijyb
  3408 | D:5      | Your scales start taking on a golden yellow colour.
  3408 | D:5      | Reached XP level 7. HP: 46/61 MP: 7/7
  3408 | D:5      | Gained mutation: You are resistant to acid. (rCorr) [Yellow
                  | Draconian growth]
  3559 | D:5      | Found Nuawno's Antique Weapon Shop.
  3603 | D:5      | Found Hudgho's General Store.
  3646 | D:5      | XOM: cloud trail
  3662 | D:5      | XOM: 5-stop teleportation journey
  3855 | D:5      | Found a staircase to the Ecumenical Temple.
  3864 | D:5      | Reached skill level 6 in Fighting
  3878 | Temple   | XOM: stealth player
  3878 | Temple   | Entered the Ecumenical Temple
  4175 | D:4      | XOM: destruction
  4269 | D:4      | Noticed Menkaure
  4272 | D:4      | Killed Menkaure
  4273 | D:4      | Reached XP level 8. HP: 67/71 MP: 8/8
  4369 | D:4      | XOM: god gift: lightning rod (4/4)
  4420 | D:4      | Found Plog's Mayhem Merchandise.
  4447 | D:4      | Reached skill level 7 in Fighting
  4542 | D:4      | XOM: god gift: 3 datura-tipped darts
  4592 | D:4      | XOM: confuse monster(s)
  4602 | D:4      | XOM: enchant monster (good)
  4631 | D:4      | HP: 3/74 [poisoned by an adder]
  4633 | D:4      | Reached skill level 8 in Fighting
  5245 | D:1      | Bought a glowing cloak for 202 gold pieces
  5288 | D:1      | Upgraded the game from 0.31-a0-133-gaae73658be to
                  | 0.31-a0-142-g31f6795574
  5392 | D:6      | XOM: noise
  5398 | D:6      | Found a stormy altar of Qazlal.
  5448 | D:6      | Reached XP level 9. HP: 81/81 MP: 9/9
  5776 | D:6      | XOM: noise
  6276 | D:6      | Reached skill level 9 in Fighting
  6276 | D:6      | Reached skill level 5 in Dodging
  6348 | D:6      | XOM: summons 2 hostile demons
  6474 | D:6      | XOM: scenery: 1 doors close
  6513 | D:7      | XOM: stealth player
  6513 | D:7      | Found Sejefoek's General Store.
  6522 | D:7      | Bought a ring of see invisible for 165 gold pieces
  6633 | D:7      | XOM: enchant monster (good)
  6637 | D:7      | XOM: blink monster(s)
  6762 | D:7      | XOM: noise
  6862 | D:7      | XOM: noise
  6939 | D:7      | XOM: 9-stop teleportation journey
  7020 | D:7      | Found Wig Woam's CLEARANCE SALE!.
  7028 | D:7      | Bought a scroll of immolation for 28 gold pieces
  7107 | D:7      | XOM: cast spell 'Dispersal'
  7365 | D:8      | Reached skill level 10 in Fighting
  7367 | D:8      | Reached skill level 5 in Stealth
  7401 | D:8      | XOM: give mutations
  7401 | D:8      | Gained mutation: Your body sometimes deteriorates upon
                  | taking damage. [Xom's mischief]
  7401 | D:8      | Gained mutation: You occasionally lose the ability to drink
                  | potions when taking damage. [Xom's mischief]
  7401 | D:8      | Gained mutation: You have large cloven feet. [Xom's
                  | mischief]
  7518 | D:8      | Reached XP level 10. HP: 56/93 MP: 10/10
  7803 | D:8      | XOM: silly message
  8000 | D:8      | XOM: 1-stop teleportation journey
  8086 | D:8      | XOM: 7-stop teleportation journey
  8494 | D:9      | XOM: summons 8 friendly demons
  8643 | D:9      | XOM is BORED!
  8643 | D:9      | XOM: noise
  8825 | D:9      | XOM: 4-stop teleportation journey
  8892 | D:9      | Found a shimmering blue altar of Sif Muna.
  9004 | D:9      | Reached skill level 11 in Fighting
  9045 | D:9      | XOM is BORED!
  9045 | D:9      | XOM: summons 3 hostile demons
  9266 | D:9      | Noticed a two-headed ogre
  9271 | D:9      | XOM: cast spell 'Summon Hydra'
  9273 | D:9      | Found a staircase to the Lair.
  9273 | D:9      | Killed a two-headed ogre
  9279 | D:9      | Noticed a boulder beetle
  9301 | D:9      | XOM: confuse monster(s)
  9303 | D:9      | XOM: summons friendly crimson imp
  9309 | D:9      | XOM: smoke on damage
  9318 | D:9      | Killed a boulder beetle
  9760 | D:9      | XOM: enchant monster (good)
  9761 | D:9      | Found the +8 frozen axe "Frostbite" {freeze, freezing
                  | cloud, *Noise Fly rC+}
  9766 | D:9      | Reached XP level 11. HP: 97/104 MP: 11/11
  9774 | D:9      | XOM: enchant monster (good)
  9778 | D:9      | HP: 3/104 [freezing wraith (10)]
  9778 | D:9      | Mangled by a freezing wraith

Illustrated notes

Levels and vault maps discovered:
D:1:      sevenhm_arrival_forest_fort_small_3, layout_basic, serial_shops, shop,
          nicolae_shop_just_a_little_nook, shop, minmay_crystal_water,
          nicolae_figureground_pulse
D:2:      cheibrodos_greedy_goblins, layout_basic, serial_shops,
          nicolae_shop_window_shopping, shop, nicolae_shop_rolled_up, shop,
          nicolae_shop_temple_entry_statues_fountains, uniq_crazy_yiuf_cottage
D:3:      layout_basic, mainiacjoe_overflow_boulevard, serial_glass,
          glass_columns_b, glass_columns_a, serial_bayou_pond_a
D:4:      minmay_polygon_palace, layout_layer_cave, minmay_shop_mayhem,
          serial_bayou_pond_b, nicolae_shop_fire_sale [nicolae_sub_dead_trees],
          dk_vineyard_3, small_statue_intersection, roderic_lattice_a,
          uniq_menkaure
D:5:      layout_loops_ring, minmay_temple_entry_proselytizer, serial_shops,
          nicolae_shop_trees, nicolae_shop_just_a_little_nook, shop, uniq_ijyb
D:6:      layout_basic, grunt_qazlal_clouds
D:7:      layout_gridville, serial_shops, shop, nicolae_shop_clearance
D:8:      layout_loops_corners
D:9:      minmay_skewed_foursquare, layout_cave_pools,
          lemuel_coloured_pillars_altar, lair_entry_dummy,
          hellmonk_guarded_unrand_frostbite
Temple:   hc_temple_tempest_star

Skill      XL: |  1  2  3  4  5  6  7  8  9 10 |
---------------+-------------------------------+-----
Fighting       | 4 5 6 8 10 11 | 11.7
Axes           | 4 5 6 7 8 9 |  9.9
Stealth        | 1 2 3 4 5 |  5.4
Dodging        | 3 4 6 7 |  7.9
Throwing       | |  0.8
Evocations     | |  0.1

Action                     |  1- 3 |  4- 6 |  7- 9 | 10-12 || total
---------------------------+-------+-------+-------+-------++-------
  Melee: Hand axe          |    91 |    14 |       |       ||   105
         Tailslap          |     8 |     6 |    42 |    19 ||    75
         Battleaxe         |       |    75 |   248 |   119 ||   442
         Kick              |       |       |       |     3 ||     3
Ability: Breathe Acid      |       |       |    17 |    18 ||    35
  Evoke: Wand              |       |       |     1 |       ||     1
    Use: Scroll            |     5 |       |     1 |     3 ||     9
         Potion            |       |       |     4 |       ||     4
   Stab: Sleeping          |     3 |     1 |     7 |       ||    11
         Distracted        |       |       |       |     2 ||     2
         Confused          |       |       |       |     1 ||     1
         Paralysed         |       |       |       |     1 ||     1
 Armour: Skin              |    16 |    32 |    99 |    84 ||   231
  Dodge: Dodged            |    59 |    54 |   191 |   164 ||   468

Table legend: (Time is in decaauts)
 A = Elapsed time spent in this place.
 B = Non-inter-level travel time spent in this place.
 C = Inter-level travel time spent in this place.
 D = Time resting spent in this place.
 E = Time spent auto-exploring this place.
 F = Levels seen in this place.
 G = Mean time per level.
                   A        B        C        D        E       F      G
               +--------+--------+--------+--------+--------+-----+--------+
         Total |   9821 |   9183 |    638 |      0 |   6378 |  10 |  982.1 |
       Dungeon |   9787 |   9149 |    638 |      0 |   6378 |   9 | 1087.4 |
        Temple |     33 |     33 |      0 |      0 |      0 |   1 |   33.0 |
               +--------+--------+--------+--------+--------+-----+--------+

Top non-repeatable levels by time:
     D:4: 1569 daAuts
     D:9: 1229 daAuts
     D:8: 1211 daAuts
     D:6: 1120 daAuts
     D:2: 1109 daAuts
     D:5: 1011 daAuts
     D:3: 873 daAuts
     D:1: 837 daAuts
     D:7: 824 daAuts
  Temple: 33 daAuts
